AoeStats
← DerTyp

Black Forest

508426416Analyzed
4v4 RM · 9d ago on Sep 22, 2026· 27m 20s· 8 players
Game mode
Random Map
Map size
Large (8 player)
Population
200
Speed
Normal
Resources
Standard
Victory
Conquest
Starting age
Dark Age
Ending age
Imperial Age
RankedLock teamsTeams togetherTeam positionsShared explorationLock speedFull tech treeHidden civsTurbo modeCheats
Victory
Defeat
🇩🇪 Slavs · Germany
1333
+12
🇵🇱 Armenians · Poland
1244
+16
🇩🇪 Burgundians · Germany
1187
+18
🇿🇦 Turks · South Africa
1168
+19
🇹🇼 Malay · Taiwan
1314
-19
🇭🇰 Burgundians · Hong Kong SAR China
1263
-17
🇹🇼 Britons · Taiwan
1208
-15
🇦🇺 Turks · Australia
1195
-14
Lokietek
9:41 Feudal Age
10:22 Double-Bit Axe
14:23 Scale Mail Armor
18:25 Castle Age
16:34 Horse Collar
16:40 Man-at-Arms
18:26 Gold Mining
18:55 Gambesons
19:50 Forging
19:10 Long Swordsman
19:51 Squires
20:46 Arson
22:16 Chain Mail Armor
22:07 Two-Handed Swordsman
23:15 Bow Saw
24:43 Iron Casting
27:30 Loom
sam4liverpool
8:00 Loom
13:18 Feudal Age
17:27 Castle Age
15:56 Double-Bit Axe
21:12 Wheelbarrow
21:06 Horse Collar
24:18 Bow Saw
DerTyp
1:41 Loom
10:52 Double-Bit Axe
13:16 Feudal Age
13:05 Gold Mining
14:07 Wheelbarrow
14:34 Bow Saw
14:08 Horse Collar
16:09 Fishing Lines
18:44 Castle Age
18:22 Gold Shaft Mining
19:16 Hand Cart
19:09 Heavy Plow
20:05 Stone Mining
21:51 Fervor
24:31 Padded Archer Armor
24:22 Fletching
27:04 Crop Rotation
28:21 Two-Man Saw
28:14 Leather Archer Armor
Agen
1:24 Loom
12:03 Feudal Age
16:10 Castle Age
15:01 Double-Bit Axe
17:06 Bow Saw
23:18 Redemption
23:45 Sanctity
26:40 Wheelbarrow
popo770723
3:50 Loom
11:32 Feudal Age
13:17 Horse Collar
13:22 Double-Bit Axe
15:46 Castle Age
16:44 Heavy Plow
16:56 Bow Saw
21:09 Stone Mining
21:12 Gold Mining
24:05 Wheelbarrow
25:28 Gold Shaft Mining
27:02 Hand Cart
29:33 Imperial Age
26:52 Town Watch
26:55 Treadmill Crane
a506b8123il
1:00 Loom
15:53 Feudal Age
20:06 Castle Age
18:18 Gold Mining
18:43 Double-Bit Axe
18:41 Horse Collar
20:20 Stone Mining
25:22 Heavy Plow
26:25 Bow Saw
無雙戰神-呂布
0:26 Loom
15:20 Feudal Age
20:02 Castle Age
18:25 Double-Bit Axe
18:35 Gold Mining
22:16 Wheelbarrow
21:52 Light Cavalry
22:40 Scale Barding Armor
22:48 Forging
23:04 Horse Collar
25:04 Gold Shaft Mining
炎帝
11:29 Feudal Age
12:02 Gold Mining
12:04 Horse Collar
12:12 Double-Bit Axe
18:07 Castle Age
17:03 Fishing Lines
18:26 Stone Mining
22:24 Gillnets
27:39 Imperial Age
Connection lost

Rejoining the realm…

Still unreachable

The connection could not be restored.

Session expired

The server has moved on; the page needs a fresh start.